 Dungeon Crawl Stone Soup version 0.18.1-5-g4a78601 (webtiles) character file.

35272 mopl the Covert (level 13, 0/86 HPs)
             Began as a High Elf Enchanter on May 11, 2016.
             Was a High Priest of Dithmenos.
             Slain by a griffon (6 damage)
             ... on level 2 of the Shoals.
             The game lasted 01:09:13 (22795 turns).

mopl the Covert (High Elf Enchanter)               Turns: 22795, Time: 01:09:14

Health: 0/86       AC:  8    Str:  7    XL:     13   Next: 46%
Magic:  7/20       EV: 18    Int: 19    God:    Dithmenos [*****.]
Gold:   1256       SH:  0    Dex: 19    Spells: 6 memorised, 5 levels left

rFire  + . .     SeeInvis .     a - +1 dagger (drain)
rCold  . . .     Gourm    .     E - +2 robe {rF+}
rNeg   . . .     Faith    .     (no shield)
rPois  .         Spirit   .     T - +0 helmet
rElec  .         Dismiss  .     U - +0 cloak
rCorr  .         Reflect  .     h - +0 pair of gloves
SustAt .         Harm     .     r - +0 pair of boots
MR     ++...                    s - amulet of magic regeneration
Stlth  ++++......               p - -3 ring of intelligence
                                Z - ring of loudness

@: lethally poisoned (0 -> -37), marked, wreathed by umbra, very resistant to
hostile enchantments, stealthy
A: magic resistance 1
a: Shadow Step, Shadow Form, Renounce Religion


You were on level 2 of the Shoals.
You worshipped Dithmenos.
Dithmenos was extremely pleased with you.
You were hungry.

You visited 4 branches of the dungeon, and saw 23 of its levels.
You also visited: Ossuary.

You collected 1256 gold pieces.

Inventory:

Hand Weapons
 a - a +1 dagger of draining (weapon)
 b - a +0 blowgun
 y - a +0 long sword
 I - a +4 dagger of pain
 V - a +1 dagger of venom
Missiles
 q - 5 javelins (quivered)
 v - 98 poisoned needles
 x - 27 tomahawks
 M - 3 poisoned tomahawks
 Q - 8 needles of confusion
 W - 4 curare-tipped needles
 X - 2 throwing nets
Armour
 h - a +0 pair of gloves (worn)
 r - a +0 pair of boots (worn)
 E - a +2 robe of fire resistance (worn)
 N - a +2 leather armour of cold resistance {rC}
 T - a +0 helmet (worn)
 U - a +0 cloak (worn)
Jewellery
 p - a -3 ring of intelligence (right hand)
 s - an amulet of magic regeneration (around neck)
 P - an uncursed amulet of dismissal
 Z - a ring of loudness (left hand)
Wands
 m - a wand of iceblast (3/15)
 u - a wand of teleportation (0/9)
 A - a wand of slowing (34/48)
 B - a wand of confusion (31/48)
 H - a wand of disintegration (14/24)
 R - a wand of lightning (8/15)
 S - a wand of acid (0/15)
Scrolls
 f - 12 scrolls of identify {unknown}
 g - 4 scrolls of teleportation {unknown}
 l - 4 scrolls of magic mapping
 o - 6 scrolls of remove curse
Potions
 c - 2 potions of mutation {unknown}
 e - 4 potions of berserk rage {unknown}
 j - 4 potions of flight {unknown}
 n - 4 potions of curing {unknown}
 C - 4 potions of brilliance {unknown}
 D - 2 potions of magic {unknown}
 L - 4 potions of resistance {unknown}
Comestibles
 d - 9 bread rations
 i - a meat ration


   Skills:
 + Level 7.0 Fighting
 - Level 1.2(4.6) Short Blades
 + Level 7.2 Long Blades
 + Level 8.4 Throwing
 + Level 7.9 Dodging
 * Level 14.6 Stealth
 - Level 4.0 Spellcasting
 - Level 3.0 Conjurations
 * Level 12.8 Hexes
 - Level 3.0 Ice Magic


You had 5 spell levels left.
You knew the following spells:

 Your Spells              Type           Power        Failure   Level  Hunger
a - Corona                Hex            ######.      1%          1    None
b - Ensorcelled Hibernat  Hex/Ice        ####..       1%          2    ##.....
c - Confuse               Hex            ######..     1%          3    ###....
d - Tukima's Dance        Hex            ######..     1%          3    ###....
g - Dazzling Spray        Conj/Hex       ####....     1%          3    ###....
s - Ozocubu's Armour      Chrm/Ice       #.......     21%         3    ###....


Dungeon Overview and Level Annotations

Branches:
Dungeon (11/15)            Temple (1/1) D:4            Lair (8/8) D:9
 Shoals (3/4) Lair:5        Snake (0/4) Lair:5        Slime (0/6) Lair:6
    Orc (0/2) D:10

Altars:
Ashenzari
Cheibriados
Dithmenos
Elyvilon
Fedhas
Gozag
Kikubaaqudgha
Makhleb
Nemelex Xobeh
Okawaru
Pakellas
Qazlal
Ru
Sif Muna
Trog
Vehumet
Xom
Yredelemnul
Zin
The Shining One
Jiyva

Shops:
D:5 %

Portals:
Trove: D:11 (give +4 storm dragon armour)

Annotations:
D:8 Gastronok
Lair:3 exclusions: freezing wraith, 2 ice beasts and polar bear
Lair:6 exclusion: 5 killer bees
Lair:7 bb
Lair:8 bb, exclusion: 2 death yaks


Innate Abilities, Weirdness & Mutations

You are resistant to hostile enchantments.


Message History

Read which item? (? for menu, Esc to quit)
As you read the scroll labeled AREFRI VOORA, it crumbles to dust.
You feel as if something is helping you.
It was a scroll of remove curse.
The griffon misses you. The griffon pecks you.
* * * LOW HITPOINT WARNING * * *
The griffon closely misses you. The sea snake closely misses you.
The griffon barely misses you. The griffon closely misses you.
The griffon claws you but does no damage.
Unknown command.
Unknown command.
Okay, then.
Read which item? (? for menu, Esc to quit)
As you read the scroll labeled KOOLIFF KEISO, it crumbles to dust.
You feel aware of your surroundings.
You sensed 1 shop/portal.
It was a scroll of magic mapping.
The sea snake bites you!
* * * LOW HITPOINT WARNING * * *
You are lethally poisoned!
The sea snake poisons you! The griffon closely misses you.
The griffon pecks you.
You die...

≈:.,,,,≈≈,,** **,***,≈≈≈≈≈≈≈≈≈≈≈≈
≈≈≈,≈≈≈≈≈≈.#*##..# *.PP≈≈≈≈≈≈≈≈≈≈
≈≈.≈≈≈≈≈≈≈..*#...###.≈≈≈≈≈≈≈≈≈≈≈≈
≈≈.≈≈≈,≈≈≈≈≈.,....#..≈≈≈≈≈≈≈≈≈≈≈≈
.≈.≈≈.≈≈≈≈≈≈m.#.....≈≈≈≈≈≈≈≈≈≈≈≈≈
.≈≈≈≈≈≈≈≈≈≈≈≈.#...≈≈≈≈≈≈≈≈≈≈≈≈≈≈≈
.≈≈≈≈≈≈≈≈≈≈≈≈.....≈≈≈≈≈≈≈≈≈≈≈≈≈≈≈
≈≈≈≈≈≈≈≈≈≈≈≈≈≈≈HH≈≈≈≈≈≈≈≈≈≈≈≈≈≈≈≈
≈≈≈≈≈≈≈≈≈≈≈≈≈≈≈≈@≈≈≈≈≈≈≈≈≈≈≈≈≈≈≈,
≈≈≈≈≈≈≈≈≈≈≈≈≈≈≈.S≈≈≈≈≈≈≈≈≈≈≈≈≈≈,,
≈≈≈≈≈≈≈≈≈≈≈≈≈≈≈≈≈≈≈≈≈≈≈≈≈≈≈≈≈≈,,,
≈≈≈≈≈≈≈≈≈≈≈≈≈≈≈.##.≈≈≈≈≈≈≈≈,,≈,**
≈≈≈≈≈≈≈≈≈≈≈≈≈..###.≈≈≈≈≈≈≈,,≈,,,*
≈≈≈≈≈≈≈≈≈≈≈≈≈..##..<..≈≈≈.,,,,≈≈≈
≈≈≈≈≈≈≈≈≈.≈≈≈≈≈...≈...≈≈≈.*,,,≈≈≈
≈≈≈≈≈≈≈≈≈≈≈≈≈≈≈.....≈..≈≈.*,,,≈≈≈
.≈≈≈≈≈≈≈≈≈≈≈≈≈≈≈≈≈..≈≈...#**,≈,,,


You could see a merfolk avatar, 2 griffons and a sea snake.

Vanquished Creatures
  A fire crab (Lair:8)
  2 sea snakes (Shoals:2)
  An unseen horror (D:10)
  A hill giant (D:11)
  The ghost of Goblin1989 the Basher, a novice GrGl of Gozag (D:8)
  A necromancer (Lair:6)
  3 griffons
  An ugly thing (D:11)
  14 elephants
  Maurice (D:9)
  6 black mambas
  8 spiny frogs
  9 komodo dragons
  A polar bear (Lair:8)
  2 trolls
  The ghost of Bubs the Shield-Bearer, an amateur FoFi (D:4)
  A merfolk (Shoals:2)
  7 blink frogs
  A two-headed ogre (D:8)
  A snapping turtle (Shoals:2)
  A vampire (D:10)
  2 wyverns
  Sigmund (D:3)
  A shadow (D:11)
  A redback (Lair:8)
  A basilisk (Lair:7)
  10 yaks
  A hungry ghost (D:8)
  6 hippogriffs
  Menkaure (D:7)
  12 porcupines
  15 water moccasins
  A black bear (Lair:1)
  5 ice beasts
  4 ogres
  A phantom (D:10)
  An eye of draining (D:11)
  2 orc warriors
  A necrophage (D:10)
  18 wolves
  10 crocodiles
  3 centaurs
  3 big kobolds
  A gnoll sergeant (D:6)
  A water moccasin zombie (D:9)
  14 giant frogs
  8 scorpions
  A wyvern skeleton (D:10)
  5 killer bees (Lair:6)
  7 wights
  2 howler monkeys (D:4)
  4 electric eels
  6 centaur zombies
  4 crimson imps
  A human zombie (Ossuary)
  A wasp zombie (D:9)
  7 hounds
  2 centaur skeletons
  21 orc wizards
  2 quasits
  Crazy Yiuf (D:7)
  A gnoll shaman (D:9)
  5 orc priests
  8 iguanas
  4 jellies
  A giant frog skeleton (D:4)
  4 yak simulacra (Lair:6)
  A polar bear simulacrum (Lair:6)
  8 worker ants
  13 sheep
  4 wolf simulacra (Lair:6)
  A big kobold zombie (Ossuary)
  3 mummies (Ossuary)
  10 gnolls
  A howler monkey skeleton (D:7)
  A scorpion zombie (Ossuary)
  7 adders
  44 river rats
  4 shadow imps
  3 oozes
  An adder zombie (D:8)
  5 worms
  A dart slug (D:2)
  5 giant geckos
  44 orcs
  2 ball pythons
  10 giant cockroaches
  11 goblins
  10 hobgoblins
  27 kobolds
  5 quokkas
  8 bats
  2 giant gecko skeletons
  A giant gecko zombie (D:5)
  5 giant newts
  A gnoll zombie (Ossuary)
  A hobgoblin zombie (Ossuary)
  A jackal zombie (D:8)
  3 kobold zombies (Ossuary)
  4 orc zombies (Ossuary)
  14 rats
  2 river rat simulacra (Lair:6)
  A plant (Lair:1)
539 creatures vanquished.

Vanquished Creatures (collateral kills)
  A hill giant (D:10)
  4 wights
5 creatures vanquished.

Vanquished Creatures (others)
  An ogre (D:7)
  A scorpion (Ossuary)
  A scorpion zombie (Ossuary)
  A hobgoblin zombie (Ossuary)
  11 fungi
  9 plants
24 creatures vanquished.

Grand Total: 568 creatures vanquished

Notes
Turn   | Place    | Note
--------------------------------------------------------------
     0 | D:1      | mopl the High Elf Enchanter began the quest for the Orb.
     0 | D:1      | Reached XP level 1. HP: 11/11 MP: 4/4
   117 | D:1      | Reached XP level 2. HP: 14/17 MP: 6/6
   121 | D:1      | Learned a level 2 spell: Ensorcelled Hibernation
   594 | D:1      | Reached skill level 4 in Stealth
  1122 | D:1      | Reached XP level 3. HP: 15/21 MP: 7/7
  1127 | D:1      | Learned a level 3 spell: Confuse
  1774 | D:2      | Reached skill level 1 in Ice Magic
  1837 | D:2      | Reached XP level 4. HP: 19/27 MP: 6/9
  2345 | D:3      | Noticed Sigmund
  2548 | D:2      | Reached skill level 4 in Hexes
  2859 | D:3      | Found a stormy altar of Qazlal.
  3054 | D:3      | Killed Sigmund
  3054 | D:3      | Reached skill level 5 in Stealth
  3054 | D:3      | Reached skill level 3 in Spellcasting
  3054 | D:3      | Reached skill level 2 in Ice Magic
  3054 | D:3      | Reached XP level 5. HP: 24/31 MP: 6/10
  3056 | D:3      | Reached XP level 6. HP: 28/36 MP: 4/11
  3300 | D:4      | Noticed Bubs's ghost (amateur FoFi)
  3340 | D:4      | Found an oddly glowing altar of Pakellas.
  3343 | D:4      | Found a glowing golden altar of the Shining One.
  3343 | D:4      | Found a snail-covered altar of Cheibriados.
  3344 | D:4      | Found a bloodstained altar of Trog.
  3445 | D:4      | Found a sand-covered staircase.
  3466 | D:4      | Found a basalt altar of Yredelemnul.
  3490 | D:4      | Found an ancient bone altar of Kikubaaqudgha.
  3559 | Ossuary  | Entered an ossuary
  3596 | Ossuary  | Reached skill level 5 in Hexes
  3741 | Ossuary  | Reached skill level 6 in Stealth
  3879 | Ossuary  | Reached XP level 7. HP: 41/41 MP: 6/13
  3914 | Ossuary  | Reached skill level 3 in Ice Magic
  3919 | Ossuary  | Learned a level 3 spell: Dazzling Spray
  4016 | Ossuary  | Reached skill level 4 in Spellcasting
  4085 | Ossuary  | Reached skill level 1 in Conjurations
  4240 | Ossuary  | Reached skill level 1 in Throwing
  4621 | D:5      | Entered Level 5 of the Dungeon
  4695 | D:5      | Reached skill level 7 in Stealth
  4695 | D:5      | Reached skill level 2 in Conjurations
  4695 | D:5      | Reached skill level 6 in Hexes
  4705 | D:5      | Found Zim Fomnif's Food Emporium.
  4871 | D:5      | Reached XP level 8. HP: 36/46 MP: 9/15
  5013 | D:5      | Reached skill level 2 in Throwing
  5159 | D:5      | Found a sacrificial altar of Ru.
  5425 | D:4      | Reached skill level 3 in Conjurations
  5553 | D:3      | Reached skill level 8 in Stealth
  5564 | D:3      | Learned a level 3 spell: Tukima's Dance
  5719 | D:4      | Killed Bubs's ghost
  5763 | D:4      | Reached skill level 7 in Hexes
  5774 | D:4      | Identified the Catalogue of Beguiling and the Glacier
  5893 | D:4      | Reached skill level 3 in Throwing
  6016 | D:4      | Found a staircase to the Ecumenical Temple.
  6025 | Temple   | Entered the Ecumenical Temple
  6451 | D:6      | Reached XP level 9. HP: 40/51 MP: 13/16
  6552 | D:6      | Reached skill level 9 in Stealth
  6716 | D:6      | Reached skill level 8 in Hexes
  7028 | D:7      | Noticed Menkaure
  7477 | D:6      | Reached skill level 4 in Throwing
  8145 | D:7      | Noticed Crazy Yiuf
  8151 | D:7      | Killed Crazy Yiuf
  8183 | D:7      | Found a sparkling altar of Nemelex Xobeh.
  8220 | D:7      | Killed Menkaure
  8220 | D:7      | Reached skill level 10 in Stealth
  8241 | D:7      | Found a deep blue altar of Sif Muna.
  8242 | D:7      | Found a shimmering altar of Xom.
  8455 | D:8      | Noticed Gastronok
  8566 | D:8      | Found a radiant altar of Vehumet.
  8586 | D:8      | Noticed Goblin1989's ghost (novice GrGl)
  8645 | D:8      | Reached skill level 1 in Fighting
  8738 | D:8      | Reached skill level 9 in Hexes
  8909 | Temple   | Learned a level 3 spell: Ozocubu's Armour
  9362 | D:8      | Reached skill level 3 in Dodging
  9389 | D:8      | Killed Goblin1989's ghost
  9389 | D:8      | Reached skill level 2 in Fighting
  9389 | D:8      | Reached XP level 10. HP: 54/60 MP: 10/17
 10078 | D:9      | Noticed Maurice
 10108 | D:9      | Killed Maurice
 10108 | D:9      | Reached skill level 5 in Throwing
 10108 | D:9      | Reached skill level 11 in Stealth
 10209 | D:9      | Found a staircase to the Lair.
 10355 | D:9      | Reached skill level 4 in Dodging
 10496 | D:9      | Reached skill level 3 in Fighting
 10547 | Lair:1   | Entered Level 1 of the Lair of Beasts
 11333 | D:8      | Found a shadowy altar of Dithmenos.
 11346 | D:8      | Became a worshipper of Dithmenos the Shadowed
 11446 | Lair:1   | Reached skill level 10 in Hexes
 11681 | Lair:1   | Noticed a black mamba
 11916 | Lair:1   | Killed a black mamba
 11930 | Lair:1   | Noticed a spiny frog
 11934 | Lair:1   | Killed a spiny frog
 11934 | Lair:1   | Reached skill level 6 in Throwing
 11934 | Lair:1   | Reached XP level 11. HP: 68/68 MP: 15/18
 12043 | Lair:1   | Reached skill level 5 in Dodging
 12230 | D:10     | Entered Level 10 of the Dungeon
 12445 | D:10     | Reached skill level 4 in Fighting
 12520 | D:10     | Reached * piety under Dithmenos
 12525 | D:10     | Reached skill level 12 in Stealth
 12602 | D:10     | Reached skill level 1 in Long Blades
 12641 | D:10     | Found a staircase to the Orcish Mines.
 12838 | D:10     | Noticed a hill giant
 12845 | D:10     | Killed a hill giant
 12950 | D:10     | Noticed an unseen horror
 12957 | D:10     | Killed an unseen horror
 12957 | D:10     | Reached skill level 2 in Long Blades
 13975 | Lair:2   | Reached ** piety under Dithmenos
 14107 | Lair:2   | Found a shimmering altar of Xom.
 14193 | Lair:2   | Reached skill level 3 in Long Blades
 14359 | Lair:2   | Reached skill level 11 in Hexes
 14647 | Lair:3   | Reached skill level 5 in Fighting
 14980 | Lair:3   | Reached skill level 6 in Dodging
 15172 | Lair:3   | Reached skill level 7 in Throwing
 15172 | Lair:3   | Reached skill level 13 in Stealth
 15172 | Lair:3   | Reached XP level 12. HP: 66/77 MP: 8/19
 15270 | Lair:3   | Reached skill level 4 in Long Blades
 16188 | Lair:4   | Reached *** piety under Dithmenos
 16859 | Lair:5   | Found a staircase to the Snake Pit.
 17146 | Lair:5   | Reached skill level 5 in Long Blades
 17465 | Lair:5   | Reached skill level 6 in Fighting
 17735 | Lair:5   | Found a staircase to the Shoals.
 17797 | Lair:6   | Found a viscous altar of Jiyva.
 17797 | Lair:6   | Found a staircase to the Slime Pits.
 17890 | Lair:6   | Reached skill level 7 in Dodging
 18051 | Lair:6   | Reached skill level 12 in Hexes
 18497 | Lair:6   | Reached skill level 8 in Throwing
 18504 | Lair:6   | Reached **** piety under Dithmenos
 18709 | Lair:6   | Reached skill level 14 in Stealth
 19169 | Lair:6   | Gained mutation: You are resistant to hostile enchantments. [helix card]
 19184 | Lair:6   | Reached skill level 6 in Long Blades
 19567 | Lair:6   | Reached XP level 13. HP: 66/84 MP: 2/20
 20638 | Lair:8   | Entered Level 8 of the Lair of Beasts
 21210 | D:11     | Reached skill level 7 in Long Blades
 21500 | D:11     | Reached ***** piety under Dithmenos
 21626 | D:11     | Found a portal to a secret trove of treasure.
 22480 | Shoals:1 | Entered Level 1 of the Shoals
 22513 | Shoals:2 | Reached skill level 7 in Fighting
 22795 | Shoals:2 | Slain by a griffon

Skill      XL: |  1  2  3  4  5  6  7  8  9 10 11 12 13 |
---------------+----------------------------------------+-----
Stealth        | 4 5 6 7 8 10 11 13 14 | 14.6
Ice Magic      | 1 2 3 |  3.0
Hexes          | 4 5 6 7 9 10 11 12 | 12.8
Spellcasting   | 3 4 |  4.0
Conjurations   | 2 3 |  3.0
Throwing       | 1 3 4 6 7 8 |  8.4
Fighting       | 2 3 5 6 7 |  7.0
Dodging        | 3 4 6 7 |  7.9
Long Blades    | 3 6 7 |  7.2
Short Blades   | |  1.2

Action                   |  1- 3 |  4- 6 |  7- 9 | 10-12 | 13-15 || total
-------------------------+-------+-------+-------+-------+-------++-------
Melee: Dagger            |   106 |   143 |   282 |   779 |   269 ||  1579
       Short sword       |       |       |     3 |       |       ||     3
 Fire: Blowgun           |       |       |     4 |    52 |     1 ||    57
 Cast: Ensorcelled Hiber |    20 |    27 |    91 |   245 |    77 ||   460
       Confuse           |       |     7 |    28 |    35 |     9 ||    79
       Tukima's Dance    |       |       |     9 |     4 |     2 ||    15
       Dazzling Spray    |       |       |       |     2 |     8 ||    10
       Corona            |       |       |       |     3 |     1 ||     4
Evoke: Wand              |       |       |       |     1 |       ||     1
       Deck              |       |       |       |     1 |       ||     1
  Use: Scroll            |       |       |       |       |     2 ||     2
 Stab: Sleeping          |    19 |    23 |    87 |   169 |    61 ||   359
       Distracted        |     1 |       |     1 |     5 |       ||     7
       Confused          |       |     6 |    17 |    25 |     8 ||    56
       Invisible         |       |       |       |     1 |     3 ||     4
  Eat: Chunk             |     4 |     8 |    15 |    39 |    12 ||    78
       Fruit             |       |       |     6 |       |       ||     6
       Royal jelly       |       |       |     1 |     1 |       ||     2
       Beef jerky        |       |       |       |       |     1 ||     1
Armor: Robe              |    30 |    34 |    54 |   113 |    51 ||   282
Dodge: Dodged            |    75 |    99 |   144 |   528 |   266 ||  1112
